 Dungeon Crawl Stone Soup version 0.30-a0-329-g85436e0a43 (webtiles) character file.

Game seed: 14109802849510566993

1881 ptdevnull the Summoner (level 8, -2/48 HPs)
             Began as a Deep Elf Summoner on Aug 1, 2022.
             Was an Initiate of Sif Muna.
             Shot with an arrow by a centaur (14 damage)
             ... on level 6 of the Dungeon on Oct 29, 2022.
             The game lasted 00:34:28 (9091 turns).

ptdevnull the Summoner (Deep Elf Summoner)          Turns: 9091, Time: 00:34:28

Health: -2/48      AC:  2    Str:  5    XL:     8   Next: 91%
Magic:  9/20       EV: 12    Int: 23    God:    Sif Muna [......]
Gold:   271        SH:  0    Dex: 15    Spells: 11/21 levels left

rFire   . . .      SeeInvis .    v - +2 dagger (venom)
rCold   . . .      Faith    .    (no shield)
rNeg    . . .      Spirit   .    a - +0 robe
rPois   .          Reflect  .    (no helmet)
rElec   .          Harm     .    (no cloak)
rCorr   .          Rampage  .    (no gloves)
Will    .....                    (no boots)
Stlth   ++........               (no amulet)
HPRegen 0.28/turn                (no ring)
MPRegen 0.17/turn                (no ring)

@: no status effects
A: no striking features
a: Renounce Religion


You were on level 6 of the Dungeon.
You worshipped Sif Muna.
Sif Muna was noncommittal.
You visited 2 branches of the dungeon, and saw 7 of its levels.

You collected 299 gold pieces.
You spent 28 gold pieces at shops.

Inventory:

Hand Weapons
 e - a +0 dagger
 g - a +1 dagger of holy wrath
 v - a +2 dagger of venom (weapon)
 A - a +2 scimitar
Armour
 a - a +0 robe (worn)
 p - a +0 kite shield
Wands
 q - a wand of paralysis (8)
Scrolls
 c - a scroll of amnesia {unknown}
 d - a scroll of summoning {unknown}
 f - a scroll of fear {unknown}
 i - a scroll of enchant weapon
 j - a scroll of immolation {unknown}
 m - 2 scrolls of fog {unknown}
 n - a scroll of vulnerability
 o - 2 scrolls of torment {unknown}
 s - a scroll of poison {unknown}
 t - a scroll of teleportation
 y - a scroll of brand weapon {unknown}
 B - a scroll of identify
Potions
 b - 2 potions of magic
 h - a potion of cancellation
 k - 2 potions of lignification
 l - 6 potions of attraction
 r - a potion of berserk rage {unknown}
 u - a potion of degeneration {unknown}
 w - a potion of heal wounds {unknown}
 x - a potion of curing
 z - a potion of mutation {unknown}


   Skills:
 + Level 4.8 Fighting
 - Level 2.4 Dodging
 - Level 2.4 Stealth
 - Level 7.0 Spellcasting
 + Level 9.9 Summonings
 * Level 2.7 Air Magic


You had 11 spell levels left.
You knew the following spells:

 Your Spells              Type           Power      Damage    Failure   Level
a - Summon Small Mammal   Summ           100%       N/A       1%          1
b - Call Imp              Summ           52%        N/A       1%          2
c - Call Canine Familiar  Summ           52%        N/A       1%          3
d - Summon Lightning Spi  Summ/Air       37%        N/A       5%          4

Your spell library contained the following spells:

 Spells                   Type           Power      Damage    Failure   Level
 Summon Guardian Golem    Hex/Summ       30%        N/A       3%          3
 Freeze                   Ice            32%        1d5       8%          1
 Frozen Ramparts          Ice            16%        1d3       22%         3
 Hailstorm                Conj/Ice       8%         3d4       22%         3


Dungeon Overview and Level Annotations

Branches:
Dungeon (6/15)             Temple (1/1) D:6

Altars:
Dithmenos
Fedhas
Hepliaklqana
Makhleb
Okawaru
Qazlal
Ru
Sif Muna
Vehumet
Xom
Yredelemnul
The Shining One

Shops:
D:3 =!**   D:6 **:*


Message History

Confirm with . or Enter, or press ? or * to list all spells.
Your wolf closely misses the centaur.
The centaur shoots an arrow.
The arrow hits your wolf!
Your wolf dies!
Your wolf's corpse disappears in a puff of smoke!
Your crimson imp blinks!
You swap places.
The centaur shoots an arrow.
The arrow hits your quokka!
Your quokka dies!
Your quokka's corpse disappears in a puff of smoke!
Your lightning spire shoots out a bolt of lightning at the centaur!
The bolt of electricity hits the centaur.
Unknown command.
Casting: Summon Small Mammal (safe; 1% risk of failure)
Confirm with . or Enter, or press ? or * to list all spells.
The centaur shoots an arrow.
The arrow hits your lightning spire!
The centaur shoots an arrow.
The arrow hits your lightning spire!
Unknown command.
An arrow appears from out of your range of vision.
You hear a twanging sound.
An arrow appears from out of your range of vision.
The arrow hits your lightning spire!
You swap places.
You hear a twanging sound.
An arrow appears from out of your range of vision.
The arrow barely misses your lightning spire.
The centaur shoots an arrow.
The arrow hits your lightning spire.
The centaur shoots an arrow.
The arrow hits your lightning spire!
Your lightning spire is destroyed!
Your lightning spire disappears in a puff of smoke!
Unknown command.
Casting: Summon Small Mammal (safe; 1% risk of failure)
Confirm with . or Enter, or press ? or * to list all spells.
An electric hum fills the air.
The centaur shouts!
The centaur shoots an arrow.
The arrow closely misses your quokka. The arrow hits you!
* * * LOW HITPOINT WARNING * * *
You swap places.
The centaur shoots an arrow.
The arrow hits you!
You die...

......... ......#+# #.
............ .ยง...#.#######.
............ #.......#.....
............. #c......#.####
.)............ #.......#.# #
....###...#...##+###.......#.#
#
(.................##.......#.#
................#8##c......#.#
..............>.@...r....###.#
...............##r5.#..### #.#
..##................##.# #.#
...........#.........#'#####.#
....##.....................#.#
....##.......#+#.#####.#####.#
....##.......#.###.....#####.#
.............#.###........##.#
.................#.....##.##.#


You could see a centaur (ally target), a friendly lightning spire (summoned), a
friendly crimson imp (summoned) and 2 friendly quokkas.

Vanquished Creatures
  A howler monkey (D:5)
  2 adders
  A dart slug (D:1)
  An orc (D:3)
  2 goblins
  3 jackals (D:2)
  2 quokkas
  A frilled lizard (D:1)
  A rat (D:2)
14 creatures vanquished.

Vanquished Creatures (collateral kills)
  2 water moccasins
  An ice beast (D:5)
  A black bear (D:5)
  4 ogres
  2 bullfrogs (D:6)
  2 necrophages (D:6)
  2 scorpions
  5 wights (D:6)
  A hound (D:4)
  An orc priest (D:4)
  A jelly (D:6)
  2 iguanas
  Ijyb (D:4)
  3 orc wizards
  8 adders
  A white imp (D:4)
  An ufetubus (D:6)
  4 worms
  10 dart slugs
  10 orcs
  8 bats
  4 endoplasms
  A giant cockroach (D:4)
  8 goblins
  8 hobgoblins
  10 jackals
  6 kobolds
  3 quokkas
  5 ball pythons
  A frilled lizard (D:1)
  4 rats
120 creatures vanquished.

Vanquished Creatures (others)
  25 plants (D:3)
25 creatures vanquished.

Grand Total: 159 creatures vanquished

Notes
Turn   | Place    | Note
-------+----------+-------------------------------------------
     0 | D:1      | ptdevnull the Deep Elf Summoner began the quest for the
                  | Orb.
     0 | D:1      | Reached XP level 1. HP: 10/10 MP: 6/6
   152 | D:1      | Found a faded altar of an unknown god.
   208 | D:1      | Reached XP level 2. HP: 10/15 MP: 4/8
   441 | D:1      | Learned a level 2 spell: Call Imp
   761 | D:1      | Reached skill level 5 in Summonings
   761 | D:1      | Reached XP level 3. HP: 19/19 MP: 6/10
  1808 | D:2      | Learned a level 3 spell: Call Canine Familiar
  2156 | D:3      | Reached XP level 4. HP: 24/24 MP: 5/12
  2173 | D:3      | Reached skill level 5 in Spellcasting
  2965 | D:3      | Found Honef's Assorted Antiques.
  3120 | D:3      | Found Zaineun's Assorted Antiques.
  3125 | D:3      | Found Xuoneto's Distillery.
  3140 | D:3      | Reached XP level 5. HP: 28/28 MP: 7/14
  3516 | D:3      | Found Zifyal's Jewellery Shop.
  3879 | D:3      | Found a stormy altar of Qazlal.
  3881 | D:3      | Found a shimmering altar of Xom.
  3881 | D:3      | Found an ancient bone altar of Kikubaaqudgha.
  3883 | D:3      | Found a bloodstained altar of Trog.
  3883 | D:3      | Found an ornate altar of the Wu Jian Council.
  3883 | D:3      | Found a broken altar of Ashenzari.
  3990 | D:4      | Noticed an ogre
  4136 | D:4      | Reached skill level 6 in Summonings
  4139 | D:4      | Killed an ogre
  4145 | D:4      | Learned a level 4 spell: Summon Lightning Spire
  4267 | D:4      | Noticed an ogre
  4312 | D:4      | Killed an ogre
  4313 | D:4      | Reached XP level 6. HP: 7/32 MP: 10/17
  4609 | D:4      | Reached skill level 7 in Summonings
  4817 | D:4      | HP: 1/32 [white imp/puff of frost (10)]
  5312 | D:4      | Reached skill level 1 in Fighting
  5312 | D:4      | Reached XP level 7. HP: 18/38 MP: 19/19
  5896 | D:4      | Noticed a nameless horror
  6183 | D:4      | You fall into a shaft and drop 2 floors!
  6235 | D:6      | Found Ocevuunn's General Store.
  6277 | D:6      | Reached skill level 8 in Summonings
  6482 | D:6      | Found Falikh's Assorted Antiques.
  6542 | D:6      | Found Effohuth's Book Emporium.
  6550 | D:5      | Entered Level 5 of the Dungeon
  6697 | D:5      | Reached XP level 8. HP: 46/46 MP: 2/20
  6946 | D:5      | HP: 2/46 [poisoned by an adder]
  6950 | D:5      | Reached skill level 9 in Summonings
  7253 | D:4      | Noticed Ijyb
  7282 | D:4      | Killed Ijyb
  7673 | D:5      | Upgraded the game from 0.29-a0-973-gac7da5f7f0 to
                  | 0.30-a0-329-g85436e0a43
  8457 | D:6      | Reached skill level 1 in Air Magic
  8649 | D:6      | Found a hazy altar of Hepliaklqana.
  8728 | D:6      | Found a staircase to the Ecumenical Temple.
  8734 | Temple   | Entered the Ecumenical Temple
  8871 | Temple   | Became a worshipper of Sif Muna the Loreminder
  9020 | D:6      | Found Purchos's General Store.
  9026 | D:6      | Bought a scroll of identify for 28 gold pieces
  9091 | D:6      | Shot with an arrow by a centaur

Illustrated notes

Levels and vault maps discovered:
D:1:      lemuel_arrival_behind_the_door_small, layout_loops_ring,
          hellmonk_ecumenical_altar_zigzags
D:2:      layout_rooms
D:3:      layout_basic, doesnt_xom_only_xom, serial_shops, shop,
          nicolae_shop_advertising_works [nicolae_subvault_shop_adworks], shop,
          shop, kennysheep_boxes
D:4:      layout_loops_ring, uniq_ijyb
D:5:      layout_layer_cave, small_statue_intersection
D:6:      kennysheep_slugbush, layout_basic, nicolae_overflow_crystal_walls,
          temple_green, serial_shops, nicolae_shop_statue_plus, shop_statue,
          nicolae_diamond_shop, nicolae_stop_n_shop_1,
          kennysheep_generic_room_11
Temple:   hellmonk_temple_beads

Skill      XL: |  1  2  3  4  5  6  7  8 |
---------------+-------------------------+-----
Spellcasting   | 4 5 6 7 |  7.0
Summonings     | 5 6 7 8 9 |  9.9
Fighting       | 1 3 4 |  4.8
Air Magic      | 2 |  2.7
Dodging        | |  2.4
Stealth        | |  2.4

Action                   |  1- 3 |  4- 6 |  7- 9 || total
-------------------------+-------+-------+-------++-------
Melee: Dagger            |    27 |    34 |    26 ||    87
       Punch             |     2 |     1 |       ||     3
 Cast: Summon Small Mamm |    48 |    27 |    50 ||   125
       Call Imp          |    15 |    15 |    17 ||    47
       Call Canine Famil |     2 |    22 |    23 ||    47
       Summon Lightning  |       |       |     4 ||     4
  Use: Scroll            |       |       |     6 ||     6
       Potion            |       |       |     3 ||     3
 Stab: Sleeping          |     2 |       |     2 ||     4
       Distracted        |       |       |     1 ||     1
Armor: Robe              |    14 |    10 |     3 ||    27
Dodge: Dodged            |    54 |    36 |    52 ||   142

Table legend: (Time is in decaauts)
 A = Elapsed time spent in this place.
 B = Non-inter-level travel time spent in this place.
 C = Inter-level travel time spent in this place.
 D = Time resting spent in this place.
 E = Time spent auto-exploring this place.
 F = Levels seen in this place.
 G = Mean time per level.
                   A        B        C        D        E       F      G
               +--------+--------+--------+--------+--------+-----+--------+
         Total |   9073 |   8728 |    345 |   1624 |   5747 |   7 | 1296.1 |
       Dungeon |   8896 |   8629 |    267 |   1624 |   5660 |   6 | 1482.7 |
        Temple |    176 |     98 |     78 |      0 |     87 |   1 |  176.0 |
               +--------+--------+--------+--------+--------+-----+--------+

Top non-repeatable levels by time:
     D:3: 2265 daAuts
     D:4: 1964 daAuts
     D:5: 1540 daAuts
     D:1: 1201 daAuts
     D:2: 1064 daAuts
     D:6: 861 daAuts
  Temple: 176 daAuts
